 Dungeon Crawl Stone Soup version 0.32-a0-872-g59262bd (webtiles) character file.

Game seed: 10187724678472592492

227 lyrin the Magician (level 5, 0/35 HPs)
             Began as a Demonspawn Air Elementalist on Mar 30, 2024.
             Killed by divine providence
             ... invoked by an orc priest
              (13 damage)
             ... on level 3 of the Dungeon.
             The game lasted 00:04:39 (2857 turns).

lyrin the Magician (Demonspawn Air Elementalist)    Turns: 2857, Time: 00:04:39

Health: 0/35       AC:  3    Str:  8    XL:     5   Next: 70%
Magic:  5/10       EV: 27    Int: 17    God:
Gold:   154        SH:  0    Dex: 20    Spells: 10/11 levels left

rFire   . . .        c - +2 dagger (drain)
rCold   . . .        (no shield)
rNeg    . . .        a - +0 robe
rPois   .            (no helmet)
rElec   .            (no cloak)
rCorr   .            (no gloves)
SInv    .            e - +0 pair of boots
Will    .....        o - amulet of the acrobat
Stlth   ++           j - +6 ring of dexterity
HPRegen 0.25/turn    (no ring)
MPRegen 0.12/turn

%: acrobat
@: acrobatic
A: hooves 1, ignite blood 1, weakness stinger 1
a: Convert to Beogh


You were on level 3 of the Dungeon.
You visited 1 branch of the dungeon, and saw 3 of its levels.

You collected 154 gold pieces.

Inventory:

Hand Weapons
 c - a +2 dagger of draining (weapon)
Armour
 a - a +0 robe (worn)
 e - a +0 pair of boots (worn)
Jewellery
 j - a +6 ring of dexterity (left hand)
 o - an amulet of the acrobat (around neck)
Wands
 n - a wand of polymorph (8)
Scrolls
 f - 2 scrolls of identify {unknown}
 h - 3 scrolls of blinking {unknown}
 i - 2 scrolls of teleportation {unknown}
 k - a scroll of brand weapon {unknown}
 l - a scroll of enchant armour {unknown}
Potions
 b - 3 potions of magic
 d - a potion of brilliance {unknown}
 g - a potion of degeneration {unknown}
 m - 2 potions of curing {unknown}


   Skills:
 + Level 2.1 Dodging
 + Level 2.1 Stealth
 + Level 3.8 Spellcasting
 + Level 2.7 Conjurations
 + Level 3.7 Air Magic


You had 10 spell levels left.
You knew the following spells:

 Your Spells              Type           Power      Damage    Failure   Level
a - Shock                 Conj/Air       56%        1d6       4%          1

Your spell library contained the following spells:

 Spells                   Type           Power      Damage    Failure   Level
 Static Discharge         Conj/Air       28%        3-5/arc   6%          2
 Swiftness                Air            16%        N/A       11%         3
 Airstrike                Air            8%         2d(2-18)  34%         4


Dungeon Overview and Level Annotations

Branches:
Dungeon (3/15)

Altars:


Innate Abilities, Weirdness & Mutations

You have large cloven feet.
Your demonic aura sometimes causes spilled blood to erupt in flames.
You have a small tail.


Message History

Confirm with . or Enter, or press ? or * to list all spells.
Aiming: Shock (safe; 4% risk of failure)
Press: ? - help, Shift-Dir - straight line, f/p - adder
Aim: an adder (moderately wounded, 53% to hit)
Okay, then.
Casting: Shock (safe; 4% risk of failure)
Confirm with . or Enter, or press ? or * to list all spells.
Aiming: Shock (safe; 4% risk of failure)
Press: ? - help, Shift-Dir - straight line, f - orc priest, p - adder
Aim: an orc priest, wielding a +0 dagger (71% to hit)
Okay, then.
You feel sick. The adder attacks as it pursues you!
The adder closely misses you.
The orc priest mumbles some strange prayers to Beogh against you.
Beogh smites you! The adder completely misses you.
The orc priest shouts, "Beogh offers mercy even to people such as you.
Join us and be reborn!" (press Y on the ability menu to convert to Beogh)
Casting: Shock (safe; 4% risk of failure)
Confirm with . or Enter, or press ? or * to list all spells.
Aiming: Shock (safe; 4% risk of failure)
Press: ? - help, Shift-Dir - straight line, p - adder The zap misses the adder. x2; You feel sick.
The adder closely misses you.
The orc priest looks braver for a moment.
Unknown command.
Casting: Shock (safe; 4% risk of failure)
Confirm with . or Enter, or press ? or * to list all spells.
Aiming: Shock (safe; 4% risk of failure)
Press: ? - help, Shift-Dir - straight line The zap hits the adder.
The adder is severely wounded.
The zap hits the adder.
You kill the adder!
The orc priest threatens, "Beogh's wrath is as vast as their mercy.
Make your choice!"
You feel sick.
You are no longer poisoned.
Okay, then.
The orc priest casts a cantrip, but nothing happens.
The orc priest mumbles some strange prayers to Beogh against you.
Beogh smites you!
You die...

#.....# ###..........
#.....# ###...#...#####
.....# #......†#.##
##..# ##.#.#####...##
#...###..#.# ##...#
########.#.....#.>#
#.#.#
...........#####.##
#.#.##
.######†.#.#####.#
#.#.## ##.##.#@....#
##.#.#. #.o##......##
#......
#.#...##...#######.#...#
#.#o#.##...##......##...
..#.#.##......########..
#.##.#.##....###### #..
.. .#..#.........# ##.
##. .##.#...##....# . #.
.. #...###...#######


You could see an orc priest.

Vanquished Creatures
  A scorpion (D:2)
  Ijyb (D:3)
  An orc wizard (D:3)
  4 adders
  A gnoll (D:1)
  3 dart slugs
  A ribbon worm (D:2)
  3 orcs (D:3)
  2 bats
  3 endoplasms
  7 goblins
  6 hobgoblins
  5 quokkas (D:2)
  7 ball pythons
  2 frilled lizards (D:1)
  7 kobolds
  4 rats
58 creatures vanquished.

Notes
Turn   | Place    | Note
-------+----------+-------------------------------------------
     0 | D:1      | lyrin the Demonspawn Air Elementalist began the quest for
                  | the Orb.
     0 | D:1      | Reached XP level 1. HP: 13/13 MP: 3/3
   101 | D:1      | Discovered your monstrous ancestry.
   101 | D:1      | Gained mutation: You have large cloven feet. [demonic
                  | ancestry]
   101 | D:1      | Reached XP level 2. HP: 16/19 MP: 0/5
  1092 | D:1      | Gained mutation: Your demonic aura sometimes causes spilled
                  | blood to erupt in flames. [demonic ancestry]
  1092 | D:1      | Reached XP level 3. HP: 24/24 MP: 2/7
  1176 | D:1      | Found a faded altar of an unknown god.
  1953 | D:2      | Noticed a scorpion
  1964 | D:2      | Killed a scorpion
  1965 | D:2      | Gained mutation: You have a small tail. [demonic ancestry]
  1965 | D:2      | Reached XP level 4. HP: 30/30 MP: 2/9
  2483 | D:3      | Reached XP level 5. HP: 35/35 MP: 8/10
  2583 | D:3      | Noticed Ijyb
  2601 | D:3      | Killed Ijyb
  2857 | D:3      | Killed from afar by an orc priest

Illustrated notes

Levels and vault maps discovered:
D:1:      giann_horns, layout_basic, hellmonk_ecumenical_altar_prayer_group
D:2:      layout_rooms, serial_curves, eino_curves_01, eino_curves_03,
          minmay_pentomino_o4
D:3:      layout_rooms, serial_shops, shop, serial_bayou_pond_e, uniq_ijyb

Skill      XL: |  1  2  3 |
---------------+----------+-----
Air Magic      | 3 |  3.7
Dodging        | 2 |  2.1
Stealth        | 2 |  2.1
Spellcasting   | 3 |  3.8
Conjurations   | 2 |  2.7

Action                     |  1- 3 |  4- 6 || total
---------------------------+-------+-------++-------
  Melee: Dagger            |    14 |     6 ||    20
         Unarmed           |       |     6 ||     6
         Tailslap          |       |     1 ||     1
   Cast: Shock             |    92 |    51 ||   143
 Armour: Robe              |    15 |    10 ||    25
         Skin              |       |     2 ||     2
  Dodge: Dodged            |    19 |    13 ||    32

Table legend: (Time is in decaauts)
 A = Elapsed time spent in this place.
 B = Non-inter-level travel time spent in this place.
 C = Inter-level travel time spent in this place.
 D = Time resting spent in this place.
 E = Time spent auto-exploring this place.
 F = Levels seen in this place.
 G = Mean time per level.
                   A        B        C        D        E       F      G
               +--------+--------+--------+--------+--------+-----+--------+
         Total |   2855 |   2789 |     66 |     60 |   2259 |   3 |  951.7 |
       Dungeon |   2855 |   2789 |     66 |     60 |   2259 |   3 |  951.7 |
               +--------+--------+--------+--------+--------+-----+--------+

Top non-repeatable levels by time:
     D:2: 1325 daAuts
     D:1: 1213 daAuts
     D:3: 316 daAuts
